 Dungeon Crawl Stone Soup version 0.29.1-1-gd02db6906a (webtiles) character file.

Game seed: 16227196267944527431

1033 MisterFreud the Carver (level 8, -1/56 HPs)
             Began as a Formicid Gladiator on Sept 22, 2022.
             Slain by an ogre
             ... wielding a +0 giant club
              (27 damage)
             ... on level 5 of the Dungeon.
             The game lasted 00:05:13 (5514 turns).

MisterFreud the Carver (Formicid Gladiator)         Turns: 5514, Time: 00:05:13

Health: -1/56      AC:  4    Str: 20    XL:     8   Next: 48%
Magic:  8/8        EV: 16    Int:  7    God:
Gold:   228        SH:  0    Dex: 17    Spells: 7/7 levels left

rFire   . . .      SeeInvis +   f - +2 great sword (vorpal)
rCold   . . .      Faith    .   (no shield)
rNeg    . . .      Spirit   .   b - +1 leather armour
rPois   .          Reflect  .   (helmet unavailable)
rElec   .          Harm     .   (no cloak)
rCorr   .          Rampage  .   (no gloves)
Will    .....                   (no boots)
Stlth   +.........              (no amulet)
HPRegen 0.18/turn               o - +4 ring of evasion
MPRegen 0.11/turn               (no ring)

@: no status effects
A: permanent stasis, dig shafts and tunnels, antennae 3, four strong arms
a: Dig, Shaft Self


You were on level 5 of the Dungeon.
You visited 1 branch of the dungeon, and saw 5 of its levels.

You collected 228 gold pieces.

Inventory:

Hand Weapons
 a - a +0 flail
 f - a +2 vorpal great sword (weapon)
 i - a +2 whip of electrocution
 n - a +1 hand axe of flaming
Missiles
 c - 4 throwing nets (quivered)
 d - a javelin
Armour
 b - a +1 leather armour (worn)
Jewellery
 h - a ring of wizardry
 o - a +4 ring of evasion (left hand)
 p - a ring of fire
Wands
 s - a wand of polymorph (6)
Potions
 e - a potion of flight
 g - a potion of might
 j - a potion of resistance {unknown}
 k - a potion of curing {unknown}
 l - a potion of heal wounds
 m - a potion of attraction {unknown}
 q - a potion of brilliance {unknown}


   Skills:
 - Level 2.1 Fighting
 + Level 8.9 Long Blades
 - Level 4.0 Maces & Flails
 - Level 2.0 Throwing
 - Level 2.6 Dodging


You had 7 spell levels left.
You didn't know any spells.
Your spell library was empty.

Dungeon Overview and Level Annotations

Branches:
Dungeon (5/15)
 Temple: D:4-7

Altars:

Annotations:
D:5 Pikel


Innate Abilities, Weirdness & Mutations

You cannot be hasted, slowed, berserked, paralysed or teleported.
You can dig through walls and to a lower floor.
You have a pair of large antennae on your head. (SInv)
Your four strong arms can wield two-handed weapons with a shield.


Message History

You see here a +0 mace of protection.
You sense a monster nearby.
An ice beast comes into view.
You see here 5 gold pieces.
An ice beast is nearby!
The ice beast completely misses you.
You closely miss the ice beast. The ice beast misses you.
You slash the ice beast!
The ice beast is heavily wounded.
The ice beast completely misses you.
The ice beast hits you but does no damage.
You slash the ice beast!
You kill the ice beast!
You now have 228 gold pieces (gained 5).
Found a stone staircase leading up.
An ogre comes into view. It is wielding a +0 giant club.
An ogre is nearby!
The ogre shouts!
You hear an angry hiss.
Found 6 stones.
A lemure comes into view.
An iguana comes into view.
The iguana hisses angrily.
You slash the ogre!
The ogre is heavily wounded.
You hear a shout!
Pikel, Merchant of Souls comes into view.
He is wielding a +2 whip of freezing and wearing a +2 robe of fire resistance.
The ogre barely misses you.
A lemure comes into view.
You hear a shout!
You barely miss the ogre.
The ogre is heavily wounded.
The lemure shouts!
A lemure comes into view.
The ogre hits you with a +0 giant club!!
Ouch! That really hurt!
The lemure shouts!
You hit the ogre.
The ogre is severely wounded.
You hear a shout!
The ogre hits you with a +0 giant club!!
You die...

## ###### (.# ##.#####
#...<# ..## #....#.##
....##....# ........#
###..#.#..# ........
#...##....#
.#.....####.....@O..#
.......##....###........
.............#...#l.....
.................##.....
.....#......#...5. ....#
.....#......#...... .5.#
.#...##....##.....{ .##
...#.##....##...... ..
...#..##..## .....


You could see an ogre, 2 lemures and an iguana.

Vanquished Creatures
  Grinder (D:4)
  Sigmund (D:4)
  Eustachio (D:4)
  An ice beast (D:5)
  An ogre (D:4)
  2 hounds
  2 gnoll boudas
  An iguana (D:5)
  2 orc wizards (D:4)
  A gnoll (D:4)
  5 adders
  An ufetubus (D:5)
  A worm (D:3)
  2 dart slugs (D:1)
  12 orcs (D:4)
  6 endoplasms
  4 giant cockroaches
  12 goblins
  4 hobgoblins
  6 quokkas
  10 ball pythons
  6 bats
  3 frilled lizards
  7 kobolds
  5 rats
97 creatures vanquished.

Vanquished Creatures (others)
  8 plants (D:5)
8 creatures vanquished.

Grand Total: 105 creatures vanquished

Notes
Turn   | Place    | Note
-------+----------+-------------------------------------------
     0 | D:1      | MisterFreud the Formicid Gladiator began the quest for the
                  | Orb.
     0 | D:1      | Reached XP level 1. HP: 16/16 MP: 1/1
    78 | D:1      | Reached XP level 2. HP: 5/22 MP: 2/2
   449 | D:1      | HP: 1/22 [goblin/+0 dagger (2)]
   454 | D:1      | Reached XP level 3. HP: 1/27 MP: 3/3
  1096 | D:1      | Reached skill level 1 in Long Blades
  2451 | D:3      | Reached XP level 4. HP: 33/33 MP: 4/4
  2453 | D:3      | Reached skill level 2 in Long Blades
  3222 | D:3      | Found a faded altar of an unknown god.
  3465 | D:3      | Reached skill level 3 in Long Blades
  3465 | D:3      | Reached XP level 5. HP: 22/38 MP: 5/5
  3634 | D:4      | Reached skill level 4 in Long Blades
  3852 | D:4      | Identified the -2 pair of boots "Woet Pikk" {Str+3}
  3957 | D:4      | Noticed an ogre
  3970 | D:4      | Reached XP level 6. HP: 23/44 MP: 6/6
  3975 | D:4      | Killed an ogre
  3976 | D:4      | Reached skill level 5 in Long Blades
  4190 | D:4      | Noticed Eustachio
  4239 | D:4      | Killed Eustachio
  4240 | D:4      | Reached skill level 6 in Long Blades
  4240 | D:4      | Reached XP level 7. HP: 43/50 MP: 7/7
  4321 | D:4      | Noticed Grinder
  4331 | D:4      | Killed Grinder
  4332 | D:4      | Reached skill level 7 in Long Blades
  4891 | D:4      | Noticed Sigmund
  4896 | D:4      | Killed Sigmund
  4897 | D:4      | Reached skill level 8 in Long Blades
  4897 | D:4      | Reached XP level 8. HP: 56/56 MP: 8/8
  5057 | D:5      | Entered Level 5 of the Dungeon
  5512 | D:5      | Noticed Pikel
  5514 | D:5      | Slain by an ogre

Illustrated notes

Levels and vault maps discovered:
D:1:      roderic_dead_forest, layout_loops_ring, nicolae_eternal_life
D:2:      layout_basic
D:3:      cheibrodos_helix_gallery, layout_basic,
          hellmonk_ecumenical_altar_pennies_from_heaven
D:4:      minmay_recursive_quarters, layout_cave_pools, uniq_sigmund,
          uniq_grinder, uniq_eustachio
D:5:      layout_cave_pools, lemuel_zombie_altar_yredelemnul,
          lemuel_blue_sif_altar, minmay_temple_entry_overgrown,
          minmay_misc_feat_x, uniq_pikel

Skill      XL: |  1  2  3  4  5  6  7 |
---------------+----------------------+-----
Maces & Flails | 4 |  4.0
Long Blades    | 1 3 4 6 8 |  8.9
Fighting       | |  2.1
Throwing       | |  2.0
Dodging        | |  2.6

Action                   |  1- 3 |  4- 6 |  7- 9 || total
-------------------------+-------+-------+-------++-------
Melee: Flail             |    49 |       |       ||    49
       Great sword       |    42 |    94 |    59 ||   195
       Punch             |     1 |       |       ||     1
  Use: Scroll            |       |     7 |     2 ||     9
       Potion            |       |     1 |       ||     1
 Stab: Sleeping          |     2 |     1 |       ||     3
Armor: Leather armour    |    35 |    22 |    19 ||    76
Dodge: Dodged            |    63 |   103 |    93 ||   259
